 Dungeon Crawl Stone Soup version 0.29.0-4-gdea44cf6ec (webtiles) character file.

Game seed: 7532849657465746227

22 qw the Chopper (level 2, -1/17 HPs)
             Began as a Tengu Warper on Aug 28, 2022.
             Slain by a worm (9 damage)
             ... on level 2 of the Dungeon.
             The game lasted 00:00:07 (1343 turns).

qw the Chopper (Tengu Warper)                       Turns: 1343, Time: 00:00:07

Health: -1/17      AC:  3    Str: 11    XL:     2   Next: 91%
Magic:  6/6        EV: 11    Int: 13    God:
Gold:   53         SH:  0    Dex: 13    Spells: 5/5 levels left

rFire   . . .      SeeInvis .   a - +0 hand axe
rCold   . . .      Faith    .   (no shield)
rNeg    . . .      Spirit   .   b - +0 leather armour
rPois   .          Reflect  .   (helmet restricted)
rElec   .          Harm     .   (no cloak)
rCorr   .          Rampage  .   (no gloves)
Will    .....                   (boots unavailable)
Stlth   +.........              (no amulet)
HPRegen 0.05/turn               (no ring)
MPRegen 0.10/turn               (no ring)

@: no status effects
A: beak, talons 3
a: no special abilities


You were on level 2 of the Dungeon.
You visited 1 branch of the dungeon, and saw 2 of its levels.

You collected 79 gold pieces.
You spent 26 gold pieces at shops.


Innate Abilities, Weirdness & Mutations

You have a beak for a mouth.
You have claws for feet.


   Skills:
 - Level 2.0 Fighting
 + Level 3.6 Axes
 - Level 1.0 Throwing
 - Level 1.1 Armour
 - Level 2.1 Dodging
 - Level 2.0 Spellcasting
 - Level 2.4 Translocations


You had 5 spell levels left.
You didn't know any spells.
Your spell library contained the following spells:

 Spells                   Type           Power      Damage    Failure   Level
 Blink                    Tloc           14%        N/A       19%         2
 Gell's Gravitas          Tloc           7%         N/A       36%         3
 Lesser Beckoning         Tloc           7%         N/A       36%         3
 Teleport Other           Tloc           7%         N/A       36%         3
 Manifold Assault         Tloc           7%         N/A       98%         5

Inventory:

Hand Weapons
 a - a +0 hand axe (weapon)
 d - a +0 club
Armour
 b - a +0 leather armour (worn)
 h - a +0 chain mail
 i - a +0 pair of gloves
Scrolls
 c - a scroll of silence {unknown}
 g - a scroll of teleportation {unknown}
Potions
 e - a potion of invisibility {unknown}
 f - a potion of brilliance {unknown}

Dungeon Overview and Level Annotations

Branches:
Dungeon (2/15)

Altars:

Shops:
D:1 *


Message History

The bat hits you.
You closely miss the bat. You claw the bat.
You kill the bat!
You start resting.
HP restored.
Found a leather armour.
Enter note: You now have 53 gold pieces (gained 9).
A goblin comes into view. It is wielding a +0 dagger.
Enter note: You barely miss the goblin.
The goblin misses you.
You hit the goblin.
You kill the goblin!
Found a book of Cantrips.
You see here a +0 dagger.
Found a long sword.
Enter note: A hobgoblin comes into view.
You see here a +0 pair of gloves.
You barely miss the hobgoblin. You peck the hobgoblin.
The hobgoblin is severely wounded.
The hobgoblin barely misses you.
You hit the hobgoblin.
You kill the hobgoblin!
i - a +0 pair of gloves You see here a +0 dagger.
A worm comes into view.
Found a stone staircase leading down.
You hit the worm.
The worm is moderately wounded.
You hit the worm. You peck the worm, but do no damage.
The worm is moderately wounded.
The worm bites you!
Ouch! That really hurt!
You hit the worm but do no damage.
The worm is moderately wounded.
The worm bites you!
Ouch! That really hurt!
You die...

#........ #. #........
##. .. #........ #####..
.. ........ >...... .##
#....... ....... ..#
##....... ....... #.#
#..%.:... .....$.####.#
#........ .......@..#.##
#........
......w##....###........
.......####...).........
........####.#..[.......
........................
##.....##.......#.....##
...###.##.......####....
... #..........# ....
...#####.......# #.##


You could see a worm.

Vanquished Creatures
  A ball python (D:1)
  2 bats
  A giant cockroach (D:2)
  2 goblins
  5 hobgoblins
  4 jackals (D:1)
  3 kobolds
18 creatures vanquished.

Notes
Turn   | Place    | Note
-------+----------+-------------------------------------------
     0 | D:1      | qw the Tengu Warper began the quest for the Orb.
     0 | D:1      | Reached XP level 1. HP: 12/12 MP: 4/4
     0 | D:1      | 0 ||| qw: Version: 0.1-a-89-g26bdef1
     0 | D:1      | 0 ||| qw: Game counter: 457
     0 | D:1      | 0 ||| qw: Always use a shield: true
     0 | D:1      | 0 ||| qw: God list: Okawaru
     0 | D:1      | 0 ||| qw: Allow faded altars: false
     0 | D:1      | 0 ||| qw: Do Orc after D:15 true
     0 | D:1      | 0 ||| qw: Do second Lair branch before Depths: true
     0 | D:1      | 0 ||| qw: Lair rune preference: random
     0 | D:1      | 0 ||| qw: Plans: Normal
     0 | D:1      | 0 ||| PLANNING D:1-11
    27 | D:1      | 27 ||| Stepping ~*~*~tactically~*~*~ (stealth).
    29 | D:1      | 29 ||| Stepping ~*~*~tactically~*~*~ (stealth).
    31 | D:1      | 31 ||| Stepping ~*~*~tactically~*~*~ (stealth).
   180 | D:1      | Found Wiaxzacw's Assorted Antiques.
   189 | D:1      | 189 ||| BUYING bubbling blue potion (26 gold).
   189 | D:1      | Bought a bubbling blue potion for 26 gold pieces
   189 | D:1      | 189 ||| SHOPLISTING clear potion (26 gold, have 10).
   189 | D:1      | 189 ||| SHOPLISTING scroll labelled EZXATR SIPLU (29 gold,
                  | have 10).
   189 | D:1      | 189 ||| SHOPLISTING scroll labelled HOAPITHR BECI (29 gold,
                  | have 10).
   189 | D:1      | 189 ||| SHOPLISTING scroll labelled HOCWIT ITSUM ROTAGH (29
                  | gold, have 10).
   189 | D:1      | 189 ||| SHOPLISTING scroll labelled YLLUZI ZUVIFAG (29
                  | gold, have 10).
   233 | D:1      | Reached XP level 2. HP: 10/17 MP: 6/6
   267 | D:1      | Reached skill level 3 in Axes
   561 | D:1      | Found a faded altar of an unknown god.
   725 | D:1      | 725 ||| DROPPING scroll of blinking.
   744 | D:2      | 744 ||| STAIRDANCE
   750 | D:2      | 750 ||| STAIRDANCE
   753 | D:1      | HP: 4/17 [jackal (1)]
   754 | D:1      | HP: 1/17 [jackal (1)]
  1063 | D:2      | 1063 ||| STAIRDANCE
  1199 | D:2      | 1199 ||| Stepping ~*~*~tactically~*~*~ (stealth).
  1343 | D:2      | Slain by a worm

Levels and vault maps discovered:
D:1:      psy_arrival_fountain, layout_rooms, serial_shops, nicolae_shop_stone,
          shapermc_ecumenical_altar_mp_vishouse, serial_glass, glass_columns_b,
          glass_columns_b, feat_on_display, item_on_display_a,
          due_unseen_surprise
D:2:      layout_rooms

Skill      XL: |  1  2 |
---------------+-------+-----
Axes           | 3 |  3.6
Fighting       | |  2.0
Throwing       | |  1.0
Armour         | |  1.1
Dodging        | |  2.1
Spellcasting   | |  2.0
Translocations | |  2.4

Action                   || total
-------------------------++-------
Melee: Hand axe          ||    39
       Kick              ||     8
       Peck              ||     3
Throw: Boomerang         ||     7
Armor: Leather armour    ||     7
Dodge: Dodged            ||    29

Table legend:
 A = Non-vault XP
 B = Vault XP
 C = Vault XP percentage of total XP
 D = Non-vault monster count
 E = Vault monster count
 F = Vault count percentage of total count
                 A         B        C        D         E       F
            +---------+---------+-------+---------+---------+-------
      Total |      32 |       0 |   0.0 |      18 |       0 |   0.0
            +---------+---------+-------+---------+---------+-------
        D:1 |      23 |       0 |   0.0 |      12 |       0 |   0.0
        D:2 |       9 |       0 |   0.0 |       6 |       0 |   0.0
            +---------+---------+-------+---------+---------+-------
